 Dungeon Crawl Stone Soup version 0.22.1-1-ga44c0e56f4 (webtiles) character file.

5873 zac the Cleaver (level 10, 0/97 HPs)
             Began as a Minotaur Fighter on Sept 16, 2018.
             Was an Initiate of Qazlal.
             Slain by a crocodile (5 damage)
             ... on level 1 of the Lair of Beasts on Sept 29, 2018.
             The game lasted 00:28:53 (7664 turns).

zac the Cleaver (Minotaur Fighter)                  Turns: 7664, Time: 00:28:54

Health: 0/97       AC: 19    Str: 21    XL:     10   Next: 52%
Magic:  9/9        EV:  2    Int:  7    God:    Qazlal [......]
Gold:   442        SH:  0    Dex: 13    Spells: 9/9 levels left

rFire    . . .     SeeInvis .   B - +2 war axe (elec)
rCold    . . .     Gourm    .   c - +1 shield
rNeg     + + +     Faith    .   b - +0 scale mail
rPois    ∞         Spirit   .   (helmet unavailable)
rElec    .         Reflect  .   E - +0 cloak
rCorr    .         Harm     .   N - +2 pair of gloves
MR       .....                  G - +1 pair of boots
Stlth    ..........             (no amulet)
HPRegen  0.26/turn              o - +1 ring of protection
MPRegen  0.11/turn              w - +4 ring of protection

@: petrified, very slightly contaminated
A: retaliatory headbutt, horns 3, agile 1
a: Renounce Religion


You were on level 1 of the Lair of Beasts.
You worshipped Qazlal.
Qazlal was noncommittal.
You were not hungry.

You visited 3 branches of the dungeon, and saw 11 of its levels.

You collected 442 gold pieces.

Inventory:

Hand Weapons
 B - a +2 war axe of electrocution (weapon)
 D - a +0 hand crossbow
 M - a +0 blowgun
Missiles
 e - 57 bolts
 L - 29 poisoned needles
Armour
 a - a +0 plate armour
 b - a +0 scale mail (worn)
 c - a +1 shield (worn)
 E - a +0 cloak (worn)
 G - a +1 pair of boots (worn)
 H - a +0 pair of gloves
 N - a +2 pair of gloves (worn)
Jewellery
 o - a +1 ring of protection (left hand)
 q - an uncursed ring of magical power
 w - a +4 ring of protection (right hand)
 y - an uncursed ring of resist corrosion
 I - an uncursed ring of stealth
Wands
 i - a wand of flame (28)
 x - a wand of acid (7)
 A - a wand of enslavement (35)
Scrolls
 g - 6 scrolls of teleportation
 h - 2 scrolls of blinking
 j - 2 scrolls of remove curse
 k - a scroll of random uselessness
 m - 3 scrolls of amnesia
 n - a scroll of fog
 p - 2 scrolls of enchant armour
 z - 5 scrolls of identify
 C - 2 scrolls of enchant weapon
Potions
 d - a potion of might
 l - 5 potions of mutation
 r - a potion of ambrosia {unknown}
 s - a potion of curing
 t - a potion of agility {unknown}
 u - a potion of flight {unknown}
 F - 4 potions of haste {unknown}
 J - a potion of invisibility {unknown}
Comestibles
 f - 20 rations


   Skills:
 - Level 12.0 Fighting
 - Level 12.2 Axes
 + Level 6.4 Armour
 + Level 3.9 Dodging
 - Level 6.0 Shields


You had 9 spell levels left.
You didn't know any spells.
Your spell library was empty.

Dungeon Overview and Level Annotations

Branches:
Dungeon (9/15)             Temple (1/1) D:4            Lair (1/6) D:9
    Orc: D:9-12

Altars:
Ashenzari
Cheibriados
Dithmenos
Elyvilon
Fedhas
Gozag
Hepliaklqana
Kikubaaqudgha
Makhleb
Nemelex Xobeh
Okawaru
Qazlal
Ru
Sif Muna
Trog
Uskayaw
Vehumet
Wu Jian
Xom
Yredelemnul
Zin
The Shining One

Shops:
D:5 :   D:8 %   D:9 }


Innate Abilities, Weirdness & Mutations

You reflexively headbutt those who attack you in melee.
You have a pair of large horns on your head.
You are agile. (Dex +2)


Message History

The basilisk gazes at you.
You are slowing down.
The iguana bites you but does no damage.
The komodo dragon bites you!
* * * LOW HITPOINT WARNING * * *
Okay, then.
Blink to where?
Press: ? - help, Dir - move target cursor You are very lightly contaminated with residual magic.
As you read the scroll of blinking, it crumbles to dust.
Your limbs are stiffening.
As you read the scroll of teleportation, it crumbles to dust.
You feel strangely unstable.
The iguana hisses menacingly.
You have turned to stone.
Your surroundings suddenly seem different.
A crocodile comes into view.
Found 15 gold pieces.
The crocodile bites you!
You die...

♣.. #.. #..#
#..P# ## #
#....##.#P##.
.##.......$....
...............
.......@t......
..########.##..


You could see a crocodile.

Vanquished Creatures
  Maurice (D:8)
  A spiny frog (Lair:1)
  A komodo dragon (D:9)
  A hornet (D:9)
  2 hippogriffs
  A wyvern (D:9)
  A spriggan (D:7)
  2 steam dragons (D:7)
  Edmund (D:5)
  2 water moccasins
  A sky beast (D:9)
  2 ice beasts
  3 orc warriors
  A black bear (D:6)
  An eye of draining (D:8)
  A necrophage (D:9)
  3 centaurs
  3 ogres
  3 phantoms
  A big kobold (D:9)
  5 bullfrogs
  A scorpion (D:7)
  4 wights (D:9)
  5 crimson imps
  6 hounds
  A quasit (D:8)
  2 jellies
  8 orc priests
  A gnoll shaman (D:7)
  3 iguanas
  A bullfrog skeleton (D:7)
  Terence (D:2)
  2 orc wizards (D:5)
  Ijyb (D:3)
  2 worker ants
  2 killer bee zombies (D:8)
  Robin (D:3)
  8 gnolls (D:7)
  13 adders
  A shadow imp (D:5)
  An ooze (D:1)
  An adder zombie (D:9)
  7 worms
  A dart slug (D:4)
  3 leopard geckos
  30 orcs
  6 bats
  7 giant cockroaches
  13 goblins
  7 hobgoblins
  20 jackals
  4 quokkas
  A ball python (D:4)
  4 frilled lizards
  A jackal skeleton (D:6)
  11 kobolds
  A leopard gecko skeleton (D:5)
  7 rats
225 creatures vanquished.

Vanquished Creatures (others)
  7 plants
7 creatures vanquished.

Grand Total: 232 creatures vanquished

Notes
Turn   | Place    | Note
-------+----------+-------------------------------------------
     0 | D:1      | zac the Minotaur Fighter began the quest for the Orb.
     0 | D:1      | Reached XP level 1. HP: 19/19 MP: 0/0
     0 | D:1      | Upgraded the game from 0.22.0-81-g402daae900 to
                  | 0.22.1-1-ga44c0e56f4
   182 | D:1      | Reached XP level 2. HP: 26/28 MP: 1/1
   653 | D:2      | Noticed Terence
   660 | D:2      | Killed Terence
   660 | D:2      | Reached skill level 5 in Fighting
   660 | D:2      | Reached XP level 3. HP: 23/36 MP: 2/2
   903 | D:2      | Reached XP level 4. HP: 41/44 MP: 3/3
  1335 | D:3      | Gained mutation: You have a pair of large horns on your
                  | head. [potion of mutation]
  1335 | D:3      | Gained mutation: You are agile. (Dex +2) [potion of
                  | mutation]
  1374 | D:3      | Noticed Ijyb
  1374 | D:3      | Noticed a bullfrog
  1379 | D:3      | Killed a bullfrog
  1379 | D:3      | Reached XP level 5. HP: 42/52 MP: 4/4
  1385 | D:3      | Killed Ijyb
  1633 | D:3      | Noticed Robin
  1635 | D:3      | Killed Robin
  2153 | D:4      | Found a white marble altar of Elyvilon.
  2181 | D:4      | Reached XP level 6. HP: 56/61 MP: 5/5
  2522 | D:4      | Found a staircase to the Ecumenical Temple.
  2538 | Temple   | Entered the Ecumenical Temple
  2947 | D:5      | Entered Level 5 of the Dungeon
  2974 | D:5      | Noticed an ice beast
  2975 | D:5      | Found Heacsurph's Book Shop.
  2977 | D:5      | Killed an ice beast
  2977 | D:5      | Reached skill level 5 in Axes
  3107 | D:5      | Noticed Edmund
  3119 | D:5      | Killed Edmund
  3119 | D:5      | Reached XP level 7. HP: 63/68 MP: 6/6
  3397 | D:5      | Found an iron altar of Okawaru.
  3820 | D:6      | Reached XP level 8. HP: 75/75 MP: 7/7
  3910 | D:6      | Found a shimmering altar of Xom.
  3913 | D:6      | Found a shimmering altar of Xom.
  4011 | D:6      | Reached skill level 10 in Fighting
  4190 | D:6      | Found a shimmering altar of Xom.
  4190 | D:6      | Found a shimmering altar of Xom.
  4191 | D:6      | Found a shimmering altar of Xom.
  4193 | D:6      | Found a shimmering altar of Xom.
  5187 | D:7      | Noticed a hippogriff
  5194 | D:7      | Killed a hippogriff
  5194 | D:7      | Reached XP level 9. HP: 90/90 MP: 8/8
  5668 | D:7      | Reached skill level 10 in Axes
  6181 | D:8      | Noticed Maurice
  6698 | D:8      | Reached XP level 10. HP: 97/97 MP: 9/9
  6724 | D:8      | Found Xixecox's Food Shoppe.
  6810 | D:8      | Killed Maurice
  6810 | D:8      | Reached skill level 1 in Dodging
  6915 | D:9      | Reached skill level 5 in Shields
  7149 | D:9      | Found a staircase to the Lair.
  7154 | D:9      | Reached skill level 5 in Armour
  7262 | D:9      | Found an ancient bone altar of Kikubaaqudgha.
  7264 | D:9      | Found a shadowy altar of Dithmenos.
  7267 | D:9      | Found a hazy altar of Hepliaklqana.
  7268 | D:9      | Found a sacrificial altar of Ru.
  7268 | D:9      | Found a hide-covered altar of Uskayaw.
  7269 | D:9      | Found a stormy altar of Qazlal.
  7274 | D:9      | Became a worshipper of Qazlal Stormbringer
  7277 | D:9      | Found a bloodstained altar of Trog.
  7278 | D:9      | Found a burning altar of Makhleb.
  7362 | D:9      | Found Neugemur's Gadget Shop.
  7603 | Lair:1   | Entered Level 1 of the Lair of Beasts
  7606 | Lair:1   | Noticed a spiny frog
  7615 | Lair:1   | Killed a spiny frog
  7653 | Lair:1   | HP: 3/97 [komodo dragon (5)]
  7664 | Lair:1   | Slain by a crocodile

Skill      XL: |  1  2  3  4  5  6  7  8  9 10 |
---------------+-------------------------------+-----
Fighting       | 4 5 7 8 12 | 12.0
Axes           | 6 8 12 | 12.2
Shields        | 4 6 |  6.0
Armour         | 6 |  6.4
Dodging        | 3 |  3.9

Action                   |  1- 3 |  4- 6 |  7- 9 | 10-12 || total
-------------------------+-------+-------+-------+-------++-------
Melee: War axe           |    57 |   135 |   233 |    82 ||   507
       Headbutt          |    12 |    29 |    49 |    16 ||   106
       Unarmed           |       |       |    19 |       ||    19
  Use: Scroll            |     2 |     4 |     5 |     4 ||    15
       Potion            |       |     1 |     1 |     1 ||     3
 Stab: Distracted        |       |     1 |       |       ||     1
  Eat: Chunk             |       |     7 |    12 |     3 ||    22
Armor: Scale mail        |    18 |    56 |   108 |    42 ||   224
       Skin              |       |       |       |     7 ||     7
Dodge: Dodged            |    14 |    39 |    54 |    19 ||   126
Block: Shield            |    30 |    78 |   113 |    46 ||   267
